SL
FT. WORTH CATTLEMEN @ GRAFTON MIDDIES
07/30/2025
 
TOP OF THE 1ST
Ft. Worth Cattlemen batting - Pitching for Grafton Middies : RHP Wayne Hurst
Pitching: RHP Wayne Hurst
Batting: SHB Robby Day 0-0: Ball
1-0: Called Strike
1-1: Ball
2-1: Ball
3-1: Called Strike
3-2: Strikes out swinging
Batting: LHB Pat McJannett 0-0: Ball
1-0: Called Strike
1-1: Swinging Strike
1-2: Strikes out swinging
Batting: RHB Bart Lewis 0-0: Called Strike
0-1: Swinging Strike
0-2: Ball
1-2: Ground out 5-3 (Groundball, 56S)
Top of the 1st over - 0 run(s), 0 hit(s), 0 error(s), 0 left on base; Ft. Worth 0 - Grafton 0
BOTTOM OF THE 1ST
Grafton Middies batting - Pitching for Ft. Worth Cattlemen : RHP Nicholas Wells
Pitching: RHP Nicholas Wells
Batting: RHB Wes Bradley 0-0: Called Strike
0-1: Foul Ball, location: 2F
0-2: Ball
1-2: Foul Ball, location: 2F
1-2: Ball
2-2: Ball
3-2: Base on Balls
Batting: RHB Carlos Maldonado 0-0: Called Strike
0-1: Ball
1-1: Ball
2-1: Ball
3-1: Called Strike
3-2: Strikes out looking
Batting: LHB Mario Ramos 0-0: Called Strike
0-1: Ball
1-1: Ball
2-1: Fly out, F6 (Line Drive, 6)
Batting: RHB Stefano Gaddi 0-0: Ball
1-0: Foul Ball, location: 2F
1-1: Ground out 6-3 (Groundball, 6M)
Bottom of the 1st over - 0 run(s), 0 hit(s), 0 error(s), 1 left on base; Ft. Worth 0 - Grafton 0
TOP OF THE 2ND
Ft. Worth Cattlemen batting - Pitching for Grafton Middies : RHP Wayne Hurst
Batting: RHB Teruo Nakayama 0-0: Ball
1-0: Ball
2-0: Ball
3-0: Called Strike
3-1: Foul Ball, location: 2F
3-2: Base on Balls
Batting: LHB Ryan Westlake 0-0: Called Strike
0-1: Ball
1-1: Swinging Strike
1-2: Grounds into double play, 3-6-1 (Groundball, 34)
Batting: RHB Joey Morgan 0-0: Foul Ball, location: 2F
0-1: Foul Ball, location: 2F
0-2: Ball
1-2: TRIPLE (Flyball, 9D)
Batting: LHB Davis Anderson 0-0: SINGLE (Groundball, 3D)
Joey Morgan scores
Batting: RHB Jorge Rosa 0-0: Ball
1-0: Called Strike
1-1: Ball
2-1: Fielders Choice at 2nd, 6-4 (Groundball, 6)
Top of the 2nd over - 1 run(s), 2 hit(s), 0 error(s), 0 left on base; Ft. Worth 1 - Grafton 0
BOTTOM OF THE 2ND
Grafton Middies batting - Pitching for Ft. Worth Cattlemen : RHP Nicholas Wells
Batting: RHB Ramón Gómez 0-0: Called Strike
0-1: SINGLE (Groundball, 34D)
Batting: LHB Ramón Rivera 0-0: Fly out, F8 (Flyball, 8LD)
Runner from 1st tags up, SAFE at 2nd
Batting: LHB Lawrence Washington 0-0: Ball
1-0: Ball
2-0: Swinging Strike
2-1: Called Strike
2-2: Foul Ball, location: 2F
2-2: SINGLE (Groundball, 56D)
Ramón Gómez to third
Runner from 3rd tries for Home, SAFE, no throw
Batting: RHB Dave Ash 0-0: Ground out 4-3 (Groundball, 34)
Lawrence Washington to second
Batting: RHB Dennis Clifton 0-0: Foul Ball, location: 2F
0-1: Ball
1-1: 2-RUN HOME RUN (Flyball, 7LD), Distance : 366 ft
Batting: RHB Wes Bradley 0-0: Ball
1-0: Foul Ball, location: 2F
1-1: Swinging Strike
1-2: Fly out, F8 (Flyball, 78S)
Bottom of the 2nd over - 3 run(s), 3 hit(s), 0 error(s), 0 left on base; Ft. Worth 1 - Grafton 3
TOP OF THE 3RD
Ft. Worth Cattlemen batting - Pitching for Grafton Middies : RHP Wayne Hurst
Batting: LHB Nobuo Yamashita 0-0: Ball
1-0: Ball
2-0: Swinging Strike
2-1: Ground out 4-3 (Groundball, 4)
Batting: SHB Robby Day 0-0: Ball
1-0: Ground out U3 (Groundball, 34S)
Batting: LHB Pat McJannett 0-0: Called Strike
0-1: Called Strike
0-2: Fly out, F7 (Flyball, 78M)
Top of the 3rd over - 0 run(s), 0 hit(s), 0 error(s), 0 left on base; Ft. Worth 1 - Grafton 3
BOTTOM OF THE 3RD
Grafton Middies batting - Pitching for Ft. Worth Cattlemen : RHP Nicholas Wells
Batting: RHB Carlos Maldonado 0-0: Ball
1-0: Ground out 6-3 (Groundball, 6M)
Batting: LHB Mario Ramos 0-0: Foul Ball, location: 2F
0-1: Called Strike
0-2: Foul Ball, location: 2F
0-2: Foul Ball, location: 2F
0-2: Ground out 6-3 (Groundball, 6M)
Batting: RHB Stefano Gaddi 0-0: Called Strike
0-1: Ball
1-1: Called Strike
1-2: Strikes out looking
Bottom of the 3rd over - 0 run(s), 0 hit(s), 0 error(s), 0 left on base; Ft. Worth 1 - Grafton 3
TOP OF THE 4TH
Ft. Worth Cattlemen batting - Pitching for Grafton Middies : RHP Wayne Hurst
Batting: RHB Bart Lewis 0-0: Foul Ball, location: 2F
0-1: Swinging Strike
0-2: Fly out, F6 (Flyball, 6MD)
Batting: RHB Teruo Nakayama 0-0: Ball
1-0: Ball
2-0: Foul Ball, location: 2F
2-1: SINGLE (Groundball, 34D)
Batting: LHB Ryan Westlake 0-0: Ball
1-0: Ball
2-0: Foul Ball, location: 2F
2-1: SINGLE (Groundball, 34S) (infield hit)
Teruo Nakayama to second
Batting: RHB Joey Morgan 0-0: Ball
1-0: Called Strike
1-1: Fielders Choice at 2nd, 6-4 (Groundball, 6)
Teruo Nakayama to third
Batting: LHB Davis Anderson 0-0: Foul Ball, location: 2F
0-1: Called Strike
0-2: Ball
1-2: Strikes out looking
Top of the 4th over - 0 run(s), 2 hit(s), 0 error(s), 2 left on base; Ft. Worth 1 - Grafton 3
BOTTOM OF THE 4TH
Grafton Middies batting - Pitching for Ft. Worth Cattlemen : RHP Nicholas Wells
Batting: RHB Ramón Gómez 0-0: Ball
1-0: Ball
2-0: Called Strike
2-1: Ball
3-1: Fly out, F9 (Flyball, 9LS)
Now in RF: Luis Rivas
Batting: LHB Ramón Rivera 0-0: Ball
1-0: Called Strike
1-1: Ball
2-1: Ground out 4-3 (Groundball, 4)
Batting: LHB Lawrence Washington 0-0: Called Strike
0-1: Called Strike
0-2: Foul Ball, location: 2F
0-2: Strikes out swinging, 2-3 out at first.
Bottom of the 4th over - 0 run(s), 0 hit(s), 0 error(s), 0 left on base; Ft. Worth 1 - Grafton 3
TOP OF THE 5TH
Ft. Worth Cattlemen batting - Pitching for Grafton Middies : RHP Wayne Hurst
Batting: RHB Jorge Rosa 0-0: Ball
1-0: Foul Ball, location: 2F
1-1: Ball
2-1: Ground out 6-3 (Groundball, 6)
Batting: LHB Nobuo Yamashita 0-0: Called Strike
0-1: Called Strike
0-2: Ball
1-2: Ball
2-2: Ball
3-2: Strikes out swinging
Batting: SHB Robby Day 0-0: Ball
1-0: Ball
2-0: Foul Ball, location: 2F
2-1: Called Strike
2-2: Ground out 4-3 (Groundball, 4M)
Top of the 5th over - 0 run(s), 0 hit(s), 0 error(s), 0 left on base; Ft. Worth 1 - Grafton 3
BOTTOM OF THE 5TH
Grafton Middies batting - Pitching for Ft. Worth Cattlemen : RHP Nicholas Wells
Batting: RHB Dave Ash 0-0: Ball
1-0: Ball
2-0: Fly out, F8 (Flyball, 8RD)
Batting: RHB Dennis Clifton 0-0: Called Strike
0-1: Foul Ball, location: 2F
0-2: Foul Ball, location: 2F
0-2: Foul Ball, location: 2F
0-2: Ball
1-2: SINGLE (Groundball, 56D)
Batting: RHB Wes Bradley 0-0: Called Strike
0-1: Ball
1-1: Swinging Strike
1-2: Strikes out looking
Batting: RHB Carlos Maldonado 0-0: Ball
1-0: Foul Ball, location: 2F
1-1: Swinging Strike
1-2: Fielders Choice at 2nd, 4-6 (Groundball, 4)
Bottom of the 5th over - 0 run(s), 1 hit(s), 0 error(s), 0 left on base; Ft. Worth 1 - Grafton 3
TOP OF THE 6TH
Ft. Worth Cattlemen batting - Pitching for Grafton Middies : RHP Wayne Hurst
Batting: RHB Luis Rivas 0-0: Ground out 5-3 (Groundball, 56)
Batting: RHB Bart Lewis 0-0: Ball
1-0: Ball
2-0: Called Strike
2-1: Fly out, F7 (Flyball, 78M)
Batting: RHB Teruo Nakayama 0-0: Ball
1-0: Ball
2-0: Ball
3-0: Base on Balls
Batting: LHB Ryan Westlake 0-0: Ball
1-0: Ball
2-0: Ball
3-0: Base on Balls
Teruo Nakayama to second
Batting: RHB Joey Morgan 0-0: Ball
1-0: Ball
2-0: SINGLE (Groundball, 6MD)
Teruo Nakayama to third
Ryan Westlake to second
Runner from 3rd tries for Home, SAFE, no throw
Batting: LHB Davis Anderson 0-0: Foul Ball, location: 2F
0-1: Ball
1-1: Ball
2-1: Called Strike
2-2: Ball
3-2: Fly out, F9 (Line Drive, 89M)
Top of the 6th over - 1 run(s), 1 hit(s), 0 error(s), 2 left on base; Ft. Worth 2 - Grafton 3
BOTTOM OF THE 6TH
Grafton Middies batting - Pitching for Ft. Worth Cattlemen : RHP Nicholas Wells
Batting: LHB Mario Ramos 0-0: Foul Ball, location: 2F
0-1: Ball
1-1: Fly out, F4 (Popup, 4MD)
Batting: RHB Stefano Gaddi 0-0: Called Strike
0-1: Ball
1-1: Ball
2-1: Foul Ball, location: 2F
2-2: Ball
3-2: SINGLE (Groundball, 6D)
Batting: RHB Ramón Gómez 0-0: SINGLE (Groundball, 6D)
Stefano Gaddi to second
Batting: LHB Ramón Rivera 0-0: Called Strike
0-1: Swinging Strike
0-2: Foul Ball, location: 2F
0-2: Ball
1-2: Ball
2-2: SINGLE (Groundball, 5D)
Stefano Gaddi to third
Ramón Gómez to second
Batting: LHB Lawrence Washington 0-0: Called Strike
0-1: Called Strike
0-2: Ball
1-2: Ball
2-2: SINGLE (Flyball, 8LS)
Stefano Gaddi scores
Ramón Gómez to third
Ramón Rivera to second
Runner from 3rd tries for Home, SAFE, no throw
Pitching: LHP Ron Anderson
Batting: RHB Dave Ash 0-0: Foul Ball, location: 2F
0-1: Ball
1-1: SINGLE (Groundball, 6MD)
Ramón Rivera to third
Lawrence Washington to second
Runner from 3rd tries for Home, SAFE, no throw
Batting: RHB Dennis Clifton 0-0: Called Strike
0-1: Ball
1-1: Swinging Strike
1-2: Ball
2-2: Fielders Choice at 3rd, U5 (Groundball, 5L)
Dave Ash to second
Batting: RHB Wes Bradley 0-0: Ball
1-0: Ball
2-0: Foul Ball, location: 2F
2-1: Foul Ball, location: 2F
2-2: Strikes out looking
Bottom of the 6th over - 3 run(s), 5 hit(s), 0 error(s), 2 left on base; Ft. Worth 2 - Grafton 6
TOP OF THE 7TH
Ft. Worth Cattlemen batting - Pitching for Grafton Middies : RHP Wayne Hurst
Batting: RHB Jorge Rosa 0-0: Ball
1-0: Ground out 6-3 (Groundball, 6)
Batting: LHB Nobuo Yamashita 0-0: SINGLE (Flyball, 8RS)
Pitching: RHP Truman Valentine
Batting: SHB Robby Day 0-0: Called Strike
0-1: Fly out, F8 (Line Drive, 8RM)
Batting: RHB Luis Rivas 0-0: Called Strike
0-1: Ball
1-1: Foul Ball, location: 2F
1-2: Fielders Choice at 2nd, 6-4 (Groundball, 6)
Top of the 7th over - 0 run(s), 1 hit(s), 0 error(s), 0 left on base; Ft. Worth 2 - Grafton 6
BOTTOM OF THE 7TH
Grafton Middies batting - Pitching for Ft. Worth Cattlemen : LHP Ron Anderson
Batting: RHB Carlos Maldonado 0-0: Ball
1-0: SINGLE (Line Drive, 89M)
Batting: LHB Mario Ramos 0-0: Called Strike
0-1: Foul Ball, location: 2F
0-2: Foul Ball, location: 2F
0-2: Ball
1-2: Foul Ball, location: 2F
1-2: Strikes out swinging
Batting: RHB Stefano Gaddi 0-0: Ball
1-0: Foul Ball, location: 2F
1-1: Ball
2-1: Called Strike
2-2: Grounds into double play, 6-4-3 (Groundball, 6M)
Bottom of the 7th over - 0 run(s), 1 hit(s), 0 error(s), 0 left on base; Ft. Worth 2 - Grafton 6
TOP OF THE 8TH
Ft. Worth Cattlemen batting - Pitching for Grafton Middies : RHP Truman Valentine
Batting: RHB Bart Lewis 0-0: Ball
1-0: Foul Ball, location: 2F
1-1: Foul Ball, location: 2F
1-2: Ball
2-2: Ball
3-2: Base on Balls
Batting: RHB Teruo Nakayama 0-0: Ball
1-0: Called Strike
1-1: Ball
2-1: Ground out 4-3 (Groundball, 4S)
Bart Lewis to second
Batting: LHB Ryan Westlake 0-0: Foul Ball, location: 2F
0-1: Called Strike
0-2: Ground out 4-3 (Groundball, 4)
Bart Lewis to third
Batting: RHB Joey Morgan 0-0: Ball
1-0: Foul Ball, location: 2F
1-1: Ball
2-1: Foul Ball, location: 2F
2-2: Foul Ball, location: 2F
2-2: Ball
3-2: Fly out, F7 (Flyball, 7LMF)
Top of the 8th over - 0 run(s), 0 hit(s), 0 error(s), 1 left on base; Ft. Worth 2 - Grafton 6
BOTTOM OF THE 8TH
Grafton Middies batting - Pitching for Ft. Worth Cattlemen : LHP Ron Anderson
Pitching: LHP Motoyuki Nakamura
Batting: RHB Ramón Gómez 0-0: Ball
1-0: Ball
2-0: Ball
3-0: Called Strike
3-1: Base on Balls
Batting: LHB Ramón Rivera 0-0: Ball
1-0: Foul Ball, location: 2F
1-1: Called Strike
Ramón Gómez is caught stealing 2nd base
1-2: Fly out, F9 (Flyball, 9LS)
Batting: LHB Lawrence Washington 0-0: Ball
1-0: Foul Ball, location: 2F
1-1: Ball
2-1: Foul Ball, location: 2F
2-2: Strikes out swinging
Bottom of the 8th over - 0 run(s), 0 hit(s), 0 error(s), 0 left on base; Ft. Worth 2 - Grafton 6
TOP OF THE 9TH
Ft. Worth Cattlemen batting - Pitching for Grafton Middies : RHP Truman Valentine
Batting: LHB Davis Anderson 0-0: Ball
1-0: Swinging Strike
1-1: Foul Ball, location: 2F
1-2: Ball
2-2: Strikes out looking
Batting: RHB Jorge Rosa 0-0: Called Strike
0-1: Called Strike
0-2: Ball
1-2: Ground out 4-3 (Groundball, 4MS)
Batting: LHB Nobuo Yamashita 0-0: Called Strike
0-1: Foul Ball, location: 2F
0-2: Ball
1-2: Strikes out looking
Top of the 9th over - 0 run(s), 0 hit(s), 0 error(s), 0 left on base; Ft. Worth 2 - Grafton 6
Friday, December 30th, 2016 - OOTP Baseball 17.12 Build 75